 Dungeon Crawl Stone Soup version 0.18-a0-1702-gd20c6a5 (webtiles) character file.

212 Chiseanne the Skirmisher (level 5, -3/43 HPs)
             Began as a Demonspawn Monk on Apr 7, 2016.
             Shot with an arrow by a centaur (13 damage)
             ... on level 5 of the Dungeon.
             The game lasted 00:13:28 (2781 turns).

Chiseanne the Skirmisher (Demonspawn Monk)          Turns: 2781, Time: 00:13:29

Health: -3/43      AC: 12    Str: 12    XL:     5   Next: 58%
Magic:  5/5        EV: 10    Int: 12    God:
Gold:   211        SH:  0    Dex: 15    Spells: 0 memorised, 4 levels left

rFire  . . .     SeeInvis .     a - +1 short sword (speed)
rCold  . . .     Gourm    .     u - +0 scale mail
rNeg   . . .     Faith    .     (no shield)
rPois  .         Spirit   .     (no helmet)
rElec  .         Dismiss  .     z - +0 cloak
rCorr  .         Reflect  .     q - +2 pair of gloves
SustAt +         Harm     .     (no boots)
MR     .....                    d - amulet of magic regeneration
Stlth  ..........               s - ring of sustain attributes
                                (no ring)

@: not resistant to hostile enchantments, extremely unstealthy
A: hooves 1, yellow scales 1, powered by death 1
a: no special abilities


You were on level 5 of the Dungeon.
You were hungry.

You visited 1 branch of the dungeon, and saw 5 of its levels.

You collected 211 gold pieces.

Inventory:

Hand Weapons
 a - a +1 short sword of speed (weapon)
 t - a +0 dagger of venom
 v - a +1 short sword of freezing
 w - a +0 blowgun
 x - a +2 rapier of venom
 y - a +3 quarterstaff of chaos
 A - a +4 mace
Missiles
 c - 72 bolts
 f - 8 poisoned needles
 k - 15 arrows of dispersal
 o - 18 arrows
 C - 13 sling bullets of frost
 D - 8 sling bullets
 F - 4 tomahawks (quivered)
Armour
 q - a +2 pair of gloves (worn)
 u - a +0 scale mail (worn)
 z - a +0 cloak (worn)
Jewellery
 d - an amulet of magic regeneration (around neck)
 m - an uncursed ring of fire
 s - a ring of sustain attributes (right hand)
Wands
 j - a wand of polymorph (9/24)
 l - a wand of lightning (4/15)
Scrolls
 n - a scroll of magic mapping
 B - a scroll of remove curse
Potions
 e - 3 potions of brilliance
 g - a potion of heal wounds
 p - a potion of degeneration {unknown}
 r - a potion of invisibility
Comestibles
 b - 4 bread rations
 h - 2 beef jerkies
 i - 3 meat rations
 E - 2 chunks of flesh


   Skills:
 * Level 4.3 Fighting
 * Level 2.6 Armour
 * Level 4.0 Dodging
 - Level 1.7 Stealth
 - Level 3.6 Unarmed Combat


You had 4 spell levels left.
You didn't know any spells.

Dungeon Overview and Level Annotations

Branches:
Dungeon (5/15)
 Temple: D:4-7

Altars:
Cheibriados
Kikubaaqudgha
Makhleb
Nemelex Xobeh
Sif Muna
Xom
Zin
The Shining One


Innate Abilities, Weirdness & Mutations

You have large cloven feet.
You are partially covered in yellow scales (AC +2).
You regenerate a little health from kills.


Message History

The centaur is heavily wounded.
The hound bites you but does no damage. The centaur closely misses you.
You hit the centaur but do no damage.
The centaur is heavily wounded.
The hound bites you but does no damage.
The centaur hits you but does no damage.
You hit the centaur.
The centaur is heavily wounded.
The hound pauses to sniff the ground.
The hound bites you but does no damage. The centaur hits you.
* * * LOW HITPOINT WARNING * * *
The hound barely misses you.
You barely miss the centaur. You kick the centaur, but do no damage.
The centaur is heavily wounded.
The centaur hits you but does no damage.
The hound bites you but does no damage.
A sky beast comes into view.
The centaur wields an uncursed shortbow of evasion.
The centaur shoots an arrow.
The arrow hits you!
You die...

#####
##############....
#.(...............
#(#########.......
##@## #..#.###
#...# #####..#.#
#.hc..# #........#
#...............###
#......###Y###.##
#.#...## # #.#
#.##.#. ..# #. #...
### #.#.#


You could see a centaur and a hound.

Vanquished Creatures
  An orc priest (D:3)
  An orc wizard (D:5)
  Crazy Yiuf (D:3)
  2 adders
  4 worms
  3 dart slugs
  4 giant geckos
  15 orcs
  9 bats
  5 giant cockroaches
  8 goblins
  2 hobgoblins
  5 kobolds
  A ball python (D:5)
  2 giant newts
  16 rats
79 creatures vanquished.

Notes
Turn   | Place    | Note
--------------------------------------------------------------
     0 | D:1      | Chiseanne the Demonspawn Monk began the quest for the Orb.
     0 | D:1      | Reached XP level 1. HP: 18/18 MP: 1/1
   158 | D:1      | Gained mutation: You regenerate a little health from kills. [demonic ancestry]
   158 | D:1      | Reached XP level 2. HP: 20/24 MP: 2/2
   184 | D:1      | Reached skill level 1 in Armour
   413 | D:1      | You fall through a shaft!
   450 | D:2      | Gained mutation: You are partially covered in yellow scales (AC +2). [demonic ancestry]
   450 | D:2      | Reached XP level 3. HP: 23/29 MP: 3/3
   487 | D:2      | Found a shimmering altar of Xom.
   613 | D:2      | Found a snail-covered altar of Cheibriados.
   616 | D:2      | Found a glowing silver altar of Zin.
   616 | D:2      | Found a glowing golden altar of the Shining One.
   616 | D:2      | Found a sparkling altar of Nemelex Xobeh.
   616 | D:2      | Found an ancient bone altar of Kikubaaqudgha.
  1040 | D:2      | Found a burning altar of Makhleb.
  1040 | D:2      | Noticed an Executioner
  1045 | D:2      | Noticed a neqoxec
  1045 | D:2      | Noticed a neqoxec
  1290 | D:3      | Gained mutation: You have large cloven feet. [demonic ancestry]
  1290 | D:3      | Reached XP level 4. HP: 34/37 MP: 4/4
  1843 | D:3      | Noticed Crazy Yiuf
  1888 | D:3      | Killed Crazy Yiuf
  1888 | D:3      | Reached XP level 5. HP: 19/42 MP: 5/5
  2472 | D:4      | Found a deep blue altar of Sif Muna.
  2651 | D:5      | Entered Level 5 of the Dungeon
  2763 | D:5      | Noticed a centaur
  2781 | D:5      | Noticed a sky beast
  2781 | D:5      | Shot with an arrow by a centaur

Vault maps used:
D:1:      minmay_arrival_four_circles, st_stairs_5
D:2:      grunt_temple_overflow_open, lemuel_doored_altar, first_bread,
          makhleb_altar_promises_db
D:3:      uniq_crazy_yiuf_cottage
D:4:      led_sif_pool
D:5:      grunt_nemelex_the_gamble, uniq_sigmund

Skill      XL: |  1  2  3  4  5 |
---------------+----------------+-----
Armour         | 1 2 |  2.6
Dodging        | 3 4 |  4.0
Fighting       | 4 |  4.3
Stealth        | |  1.7
Unarmed Combat | |  3.6

Action                   |  1- 3 |  4- 6 || total
-------------------------+-------+-------++-------
Melee: Unarmed           |   147 |       ||   147
       Short sword       |    66 |   170 ||   236
       Dagger            |       |     2 ||     2
 Fire: Blowgun           |       |     4 ||     4
  Use: Scroll            |     9 |     4 ||    13
       Potion            |       |     1 ||     1
 Stab: Sleeping          |     1 |       ||     1
  Eat: Chunk             |     1 |     5 ||     6
